Map: Ley Lines

Players

ManlyManMeat

  • Race: Zerg Zerg
  • League: Diamond
  • Spawn Location: 7:00

Yue - Winner!

  • Race: Protoss Protoss
  • League: Diamond
  • Spawn Location: 1:00

VOD

Have the link to the VOD?

Description

Time

  • Played on: July 5, 2025, 11:22 a.m.
  • Length: 18:46
Show
View Real Time Build Order
Export as new Build Order

ManlyManMeat Zerg 

Build Orders: Hatch First 

Get SALT Encoding   

  12  0:00  Drone  
  13  0:08  Drone  
  13  0:14  Extractor  
  13  0:15  Drone  
  15  0:21  Overlord  
  15  0:40  Drone  
  16  0:50  Drone  
  16  0:57  Drone  
  18  0:58  Drone  
  18  1:01  Hatchery  
  18  1:14  Extractor  
  18  1:15  Spawning Pool  
  18  1:17  Drone  
  17  1:25  Drone  
  18  1:41  Drone x2  
  20  2:02  Queen  
  20  2:05  Overlord  
  22  2:13  Zergling x4  
  24  2:18  Drone  
  25  2:23  Overlord  
  25  2:36  Queen  
  27  2:37  Zergling x4  
  27  2:43  Spine Crawler  
  27  2:44  Drone x2  
  30  2:57  Metabolic Boost  
  30  3:00  Drone x2  
  30  3:01  Baneling Nest  
  31  3:26  Queen  
  31  3:32  Zergling x4, Overlord x2  
  35  3:51  Evolution Chamber  
  34  4:03  Drone x5  
  34  4:04  Hatchery  
  38  4:10  Lair  
  38  4:20  Drone x3  
  41  4:28  Queen  
  42  4:39  Zerg Melee Weapons Level 1  
  42  4:43  Extractor  
  41  4:54  Overlord x2  
  41  4:55  Overlord  
  39  5:24  Zergling x6  
  39  5:25  Zergling x6  
  39  5:27  Centrifugal Hooks  
  44  5:30  Drone x6  
  44  5:32  Baneling Nest  
  44  5:34  Queen  
  50  5:39  Spore Crawler  
  50  5:40  Spore Crawler  
  50  5:42  Spore Crawler  
  43  5:45  Spore Crawler  
  42  5:55  Zergling x10  
  47  6:17  Baneling x6  
  47  6:18  Baneling x4  
  47  6:34  Drone x4  
  47  6:35  Drone  
  50  6:44  Drone x3  
  50  6:45  Drone x3  
  48  7:07  Zergling x2  
  48  7:08  Zergling x24  
  54  7:20  Drone  
  55  7:29  Zerg Ground Armor Level 1  
  55  7:31  Drone x3  
  58  7:38  Hatchery  
  57  7:44  Spore Crawler  
  57  7:46  Baneling x3  
  57  7:49  Drone  
  57  7:50  Drone  
  58  7:54  Extractor  
  58  7:56  Extractor  
  56  8:02  Zergling x4  
  56  8:03  Zergling x22  
  56  8:31  Hydralisk Den  
  55  8:34  Drone x6  
  55  8:35  Zergling x12  
  67  8:50  Baneling  
  67  8:51  Baneling x7  
  67  8:56  Zergling x12  
  54  9:53  Zergling x4  
  54  9:54  Zergling x16, Baneling x2  
  54  9:55  Baneling x10  
  54  9:58  Drone x2  
  54  9:59  Hatchery  
  65  10:02  Hatchery  
  65  10:04  Hatchery  
  61  10:24  Hydralisk x3  
  61  10:26  Zergling x18  
  73  10:42  Overlord  
  73  10:49  Baneling x4  
  73  10:50  Baneling  
  73  11:00  Queen  
  62  11:14  Zergling x24  
  67  11:24  Zergling x24  
  78  11:29  Drone x2  
  78  11:32  Zergling x4  
  82  11:34  Baneling x4  
  82  11:36  Baneling  
  82  11:42  Grooved Spines  
  82  11:43  Hydralisk  
  82  11:46  Drone  
  85  11:49  Drone x3  
  88  12:04  Drone x6  
  88  12:05  Overlord  
  93  12:18  Hydralisk x2  
  94  12:28  Hydralisk x2  
  94  12:29  Zergling x2  
  96  12:38  Overlord  
  96  12:39  Overlord x2  
  96  12:41  Muscular Augments  
  96  12:43  Zergling x2  
  87  13:00  Hydralisk  
  87  13:01  Hydralisk  
  87  13:02  Zergling x14  
  87  13:03  Zergling x12  
  93  13:22  Hatchery  
  92  13:30  Hydralisk, Zerg Missile Weapons Level 1  
  92  13:33  Drone x3  
  92  13:34  Drone x3  
  100  13:43  Hydralisk  
  102  13:56  Hydralisk x2  
  106  14:08  Hydralisk x3  
  100  14:15  Zergling x20  
  100  14:16  Zergling x2  
  107  14:20  Drone  
  93  14:37  Hydralisk x6, Zergling x2  
Show
View Real Time Build Order
Export as new Build Order

Yue Protoss - Winner!

Build Orders: Oracle Opening 

Get SALT Encoding   

  1  0:00  Probe  
  13  0:14  Pylon  
  13  0:17  Probe  
  14  0:32  Gateway  
  15  0:35  Probe  
  15  0:47  Probe  
  16  0:58  Pylon  
  16  1:00  Probe  
  17  1:06  Assimilator  
  17  1:12  Probe  
  18  1:19  Cybernetics Core  
  18  1:28  Gateway  
  18  1:31  Probe  
  19  1:35  Pylon  
  18  1:43  Probe  
  18  1:46  Assimilator  
  19  1:50  Adept  
  19  1:55  Probe  
  22  2:07  Probe, Adept  
  25  2:28  Probe  
  26  2:33  Stalker  
  26  2:40  Nexus  
  28  2:48  Warp Gate  
  28  2:57  Stargate  
  28  3:02  Probe  
  29  3:15  Probe  
  30  3:27  Probe  
  31  3:39  Twilight Council  
  31  3:44  Nexus  
  31  3:52  Pylon  
  31  3:55  Oracle  
  31  4:01  Probe  
  36  4:02  Probe  
  36  4:10  Charge  
  36  4:11  Pylon  
  36  4:14  Probe  
  36  4:15  Probe  
  38  4:28  Robotics Facility  
  38  4:31  Probe  
  39  4:33  Probe  
  40  4:45  Oracle  
  43  4:46  Probe x2  
  43  4:49  Assimilator  
  45  4:54  Assimilator  
  45  4:58  Probe x2  
  47  5:00  Zealot  
  47  5:05  Zealot  
  49  5:10  Probe x2  
  47  5:28  Probe x2  
  47  5:29  Probe  
  49  5:48  Probe x3  
  52  5:50  Oracle  
  52  5:52  Gateway  
  52  5:54  Pylon  
  55  6:00  Gateway, Probe x2  
  55  6:01  Probe  
  58  6:05  Pylon  
  58  6:06  Assimilator  
  58  6:10  Assimilator  
  58  6:13  Probe x3  
  61  6:25  Probe x2  
  63  6:37  Probe x2  
  65  6:45  Oracle  
  68  6:49  Probe x2  
  66  6:54  Zealot x3  
  62  7:01  Probe x2  
  62  7:07  Stalker  
  66  7:10  Blink  
  66  7:13  Probe  
  66  7:14  Pylon, Probe x2  
  69  7:16  Gateway  
  69  7:18  Gateway  
  69  7:19  Gateway  
  69  7:20  Gateway  
  69  7:21  Gateway  
  69  7:22  Observer  
  69  7:23  Gateway x2  
  69  7:24  Oracle  
  69  7:25  Probe  
  69  7:26  Gateway, Probe  
  69  7:28  Gateway  
  69  7:29  Pylon  
  75  7:37  Probe  
  75  7:38  Probe  
  75  7:40  Pylon  
  75  7:42  Probe  
  78  7:49  Probe  
  78  7:50  Probe  
  80  8:02  Probe x2  
  82  8:07  Zealot x4  
  88  8:13  Zealot x2  
  88  8:14  Probe  
  81  8:27  Zealot x3  
  81  8:28  Zealot x6  
  81  8:29  Zealot  
  101  8:45  Pylon  
  101  8:49  Pylon  
  101  8:52  Pylon x2  
  101  8:55  Pylon  
  101  9:03  Warp Prism  
  101  9:04  Probe x3  
  76  9:36  Stalker  
  76  9:37  Stalker x6  
  76  9:38  Stalker x5  
  96  9:39  Stalker  
  96  9:42  Gateway  
  96  9:43  Gateway  
  102  9:49  Templar Archives  
  102  9:51  Probe  
  102  9:52  Pylon  
  103  9:57  Forge  
  103  9:58  Forge  
  103  10:00  Forge  
  103  10:03  Probe  
  103  10:06  Immortal  
  108  10:16  Stalker  
  108  10:17  Stalker x3  
  108  10:19  Sentry  
  118  10:22  Psionic Storm  
  118  10:26  Probe  
  119  10:34  Robotics Bay  
  119  10:37  Protoss Ground Weapons Level 1  
  119  10:38  Protoss Ground Armor Level 1, Protoss Shields Level 1  
  119  10:39  Pylon  
  119  10:42  Pylon  
  119  10:45  Nexus  
  119  10:46  Pylon  
  105  11:13  Zealot x4  
  105  11:14  Zealot x2  
  105  11:15  Zealot  
  107  11:23  Probe x2  
  102  11:31  Zealot  
  102  11:32  Zealot x2  
  108  11:33  High Templar x5  
  108  11:34  High Templar  
  108  11:36  High Templar  
  108  11:37  High Templar  
  108  11:38  Archon x3  
  124  11:42  Zealot  
  124  11:46  Observer  
  126  11:49  Probe  
  126  11:50  Probe, Assimilator  
  126  11:52  Assimilator  
  129  12:00  Robotics Facility  
  129  12:03  Pylon  
  129  12:05  Probe x3  
  129  12:07  Probe  
  133  12:17  Probe x2  
  133  12:19  Probe  
  136  12:41  Probe  
  136  12:42  Probe  
  138  12:51  Zealot x4  
  142  12:52  Zealot x3  
  142  12:53  Zealot x2  
  153  13:01  Protoss Ground Weapons Level 2, Protoss Ground Armor Level 2  
  153  13:02  Protoss Shields Level 2  
  153  13:07  Probe x2  
  153  13:08  Probe  
  153  13:09  Extended Thermal Lance  
  156  13:16  Colossus x2  
  168  13:21  Probe x2  
  168  13:22  Probe  
  171  13:27  Pylon  
  171  13:29  Pylon  
  171  13:33  Nexus  
  171  13:34  Probe  
  172  13:37  Stalker  
  172  13:39  Pylon  
  174  13:42  Probe  
  174  13:43  Probe x2  
  174  13:46  Probe  
  178  14:06  Zealot x4  
  178  14:07  Zealot  
  178  14:08  Zealot  
  186  14:14  Probe x2  
  172  14:38  Pylon  
  170  14:39  Pylon  
  170  14:43  Assimilator  
  170  14:44  Pylon x2, Assimilator, Nexus  
  160  15:07  Zealot x2  
  160  15:08  Zealot x3  
  160  15:09  Zealot x4  
  160  15:10  Zealot x2  
  178  15:44  Probe x2  
  178  15:45  Probe  
Tags
 
Add a new tag
Caveats
  • Supply blocks, unpowered buildings, or Contaminate may cause inaccurate times.
  • Supply counts are checked every 10 seconds.